Kings vs Bruins

Created - 2 décembre 2014 at 19:07

Goals
1 2 3 OT1 SO T
Kings 1 0 1 0 0 2
Bruins 0 0 2 0 1 3
Shots
1 2 3 OT1 SO T
Kings 10 10 4 0 3 24
Bruins 8 7 9 5 2 29

1st period

1. Kings , Viktor Kozlov 4 (Anze Kopitar, Brenden Morrow) at 7:12

Penalties :
Wojtek Wolski (Bos) for High sticking (Double Minor) at 15:56

2nd period

No Goal

Penalties :
Jason Demers (Bos) for Roughing (Minor) at 2:14, Victor Oreskovich (Bos) for Roughing (Minor) at 6:30, Victor Oreskovich (Bos) for Tripping (Minor) at 12:44, Mikkel Boedker (LAK) for Interference (Minor) at 12:48

3rd period

2. Bruins , Eric Lindros 14 (Viktor Stalberg, Andrew Alberts) at 2:04
3. Kings , Brenden Morrow 11 (Rene Bourque) at 6:12
4. Bruins , Dave Bolland 4 (Jason Demers) at 11:14

Penalties :
Tyler Myers (LAK) for Hooking (Minor) at 2:07, Scottie Upshall (Bos) for Hooking (Minor) at 16:15

Overtime #1

No Goal

Penalties :
No Penalty

Shootout

Penalty Shot by Anze Kopitar for Kings - Stopped by Evgeni Nabokov
Penalty Shot by Wojtek Wolski for Bruins - Goal!
Penalty Shot by Joe Pavelski for Kings - Shot Misses the Net
Penalty Shot by Eric Lindros for Bruins - Shot Misses the Net
Penalty Shot by Mikkel Boedker for Kings - Shot Misses the Net

Penalties :
No Penalty

Goalie Stats

Ondrej Pavelec (LAK), 27 saves from 29 shots - (0,931), OTL, 7-10-4, 65:00 minutes
Evgeni Nabokov (Bos), 22 saves from 24 shots - (0,917), W, 9-14-2, 65:00 minutes

Players Stats for Kings

Player Name              G  A  P  +/- PIM S  H  SB GA TA FO     MP     PP MP  PK MP  
------------------------------------------------------------------------------------
Anze Kopitar             0  1  1   0  0   2  1  0  0  0  10/29  24:45   5:02   0:42 
Brenden Morrow           1  1  2   1  0   5  2  0  0  0  0/0    15:54   1:00   0:43 
Brent Burns              0  0  0   0  0   1  2  1  0  0  0/0    29:26   5:32   0:42 
Brent Seabrook           0  0  0  -1  0   0  1  1  0  0  0/0    24:31   4:05   0:39 
Brian Pothier            0  0  0   0  0   0  0  1  0  0  0/0    10:59   0:23   1:14 
Cory Sarich              0  0  0   1  0   0  0  0  0  0  0/0    13:01   0:00   0:56 
Hnat Domenichelli        0  0  0   0  0   0  2  0  0  0  1/1     7:57   0:48   0:21 
Joe Pavelski             0  0  0  -1  0   3  3  1  0  0  1/1    24:34   5:00   0:03 
Jonas Hoglund            0  0  0   0  0   1  0  0  1  0  0/0    14:55   0:35   0:56 
Matt Duchene             0  0  0   0  0   2  2  1  0  1  4/9    19:21   3:56   0:21 
Mikkel Boedker           0  0  0  -1  2   1  0  1  1  2  0/2    19:59   4:59   0:00 
Patrick Sharp            0  0  0   0  0   3  4  1  0  1  1/1    19:42   4:12   0:00 
Pernell Karl Subban      0  0  0   0  0   1  1  0  1  1  0/0    27:04   5:32   0:34 
Randy Robitaille         0  0  0   0  0   0  0  0  0  0  2/6     8:19   0:15   0:55 
Rene Bourque             0  1  1   0  0   3  2  0  0  0  0/0    18:58   4:12   0:00 
Tyler Myers              0  0  0  -1  2   0  0  1  0  0  0/0    18:06   4:05   0:01 
Viktor Kozlov            1  0  1   1  0   2  1  0  0  1  3/8    11:30   0:00   0:05 
Zdeno Chara              0  0  0   1  0   0  0  1  0  0  0/0     6:59   0:23   0:00 

Players Stats for Bruins

Player Name              G  A  P  +/- PIM S  H  SB GA TA FO     MP     PP MP  PK MP  
------------------------------------------------------------------------------------
Andrei Markov            0  0  0   0  0   1  1  0  0  0  0/0    23:40   1:12   5:24 
Andrew Alberts           0  1  1   1  0   1  0  4  0  0  0/0    29:33   1:12   5:24 
Blair Betts              0  0  0   0  0   1  0  0  0  0  1/2     9:15   0:00   1:23 
Christoph Schubert       0  0  0   0  0   0  0  2  1  0  0/0    13:02   0:00   0:46 
Dainius Zubrus           0  0  0   1  0   1  0  0  0  0  1/1    14:20   0:00   2:01 
Dave Bolland             1  0  1   1  0   1  2  0  1  0  4/4    10:54   0:00   0:30 
Eric Lindros             1  0  1   0  0   5  0  0  0  0  7/14   19:35   0:57   2:49 
Jason Demers             0  1  1   1  2   2  3  0  0  1  0/0    20:18   0:51   0:46 
Mark Stuart              0  0  0  -1  0   0  0  0  0  0  0/0    22:25   0:51   3:50 
Martin Erat              0  0  0   0  0   2  0  0  1  1  0/0     7:35   0:00   0:00 
Matt Cooke               0  0  0   0  0   0  4  0  0  0  0/0    15:14   0:00   5:03 
Ryan O'Byrne             0  0  0  -1  0   0  2  1  0  0  0/0    21:34   0:00   3:50 
Scottie Upshall          0  0  0   1  2   0  4  0  0  0  0/0    13:28   1:06   1:33 
Sydney Crosby            0  0  0  -1  0   2  2  0  0  0  16/27  17:14   1:06   0:00 
Victor Oreskovich        0  0  0   0  4   2  2  0  1  0  0/0    13:38   0:57   0:00 
Viktor Stalberg          0  1  1   0  0   5  2  0  0  0  0/1    16:05   0:00   0:27 
Vitali Yachmenev         0  0  0  -1  0   2  2  0  0  1  1/1    18:22   1:06   2:49 
Wojtek Wolski            0  0  0  -1  4   4  1  1  2  0  5/7    21:48   0:57   3:25 

3 Stars

1 - Brenden Morrow (LAK)
2 - Dave Bolland (Bos)
3 - Viktor Kozlov (LAK)

Power Play

Kings - 0 on 6 Attempt(s) - 0,00%
Bruins - 0 on 2 Attempt(s) - 0,00%

Penalty Kill

Kings - 2 on 2 Attempt(s) - 100,00% - Score 0 goal in Penalty Kill
Bruins - 6 on 6 Attempt(s) - 100,00% - Score 0 goal in Penalty Kill

Official

Referees : L'Ecuyer Frederick and Devorski Paul
Linesman : Lyle Seitz and Brad Lazarowich

Game Notes

Zdeno Chara is injured at 5:44 of 2nd period (Bruised Left Leg)

Finance

Level 1 -- Attendance: 4309 (71,82%) -- Ticket Income 426 591 $
Level 2 -- Attendance: 3451 (69,02%) -- Ticket Income 203 609 $
Level 3 -- Attendance: 2000 (100,00%) -- Ticket Income 58 000 $
Level 4 -- Attendance: 4000 (100,00%) -- Ticket Income 76 000 $
Luxury Box -- Attendance: 778 (77,80%) -- Ticket Income 147 042 $
Game was played at the TD Banknorth Garden
Total Attendance: 14538 (80,77%)
Total Ticket Income: 911 242 $
Other Income: 136 686 $
Total Income: 1 047 928 $

Kings

5 vs 5 Forward 
   Center                   Left Wing                Right Wing               Time % Phy DF OF 
 1 Anze Kopitar             Mikkel Boedker           Joe Pavelski             40     1   1  3  
 2 Matt Duchene             Patrick Sharp            Jonas Hoglund            30     1   1  3  
 3 Viktor Kozlov            Brenden Morrow           Rene Bourque             25     2   2  1  
 4 Randy Robitaille         Hnat Domenichelli        Rene Bourque             5      1   4  0  

5 vs 5 Defense 
   Defense                  Defense                                           Time % Phy DF OF 
 1 Pernell Karl Subban      Brent Burns                                       40     1   2  2  
 2 Tyler Myers              Brent Seabrook                                    35     1   2  2  
 3 Zdeno Chara              Cory Sarich                                       20     2   2  1  
 4 Zdeno Chara              Brian Pothier                                     5      2   2  1  

PowerPlay Forward 
   Center                   Left Wing                Right Wing               Time % Phy DF OF 
 1 Anze Kopitar             Mikkel Boedker           Joe Pavelski             60     0   1  4  
 2 Matt Duchene             Patrick Sharp            Rene Bourque             40     0   1  4  

PowerPlay Defense
   Defense                  Defense                                           Time % Phy DF OF 
 1 Pernell Karl Subban      Brent Burns                                       60     0   2  3  
 2 Tyler Myers              Brent Seabrook                                    40     0   2  3  

Penalty Kill 4 Players Forward 
   Center                   Wing                     Time % Phy DF OF 
 1 Randy Robitaille         Jonas Hoglund            60     0   4  1  
 2 Viktor Kozlov            Brenden Morrow           40     0   4  1  

Penalty Kill 4 Players Defense
   Defense                  Defense                  Time % Phy DF OF 
 1 Brian Pothier            Zdeno Chara              60     1   4  0  
 2 Brent Burns              Brent Seabrook           40     1   4  0  

Penalty Kill - 3 Players Forward 
   Forward                                           Time % Phy DF OF 
 1 Randy Robitaille                                  60     0   4  1  
 2 Anze Kopitar                                      40     0   4  1  

Penalty Kill - 3 Players Defense
   Defense                  Defense                  Time % Phy DF OF 
 1 Brian Pothier            Zdeno Chara              60     1   4  0  
 2 Brent Burns              Brent Seabrook           40     1   4  0  

4 vs 4 Forward 
   Center                   Wing                     Time % Phy DF OF 
 1 Anze Kopitar             Joe Pavelski             60     1   2  2  
 2 Matt Duchene             Patrick Sharp            40     1   2  2  

4 vs 4 Defense
   Defense                  Defense                  Time % Phy DF OF 
 1 Zdeno Chara              Brent Seabrook           60     1   2  2  
 2 Pernell Karl Subban      Brent Burns              40     1   2  2  

Last Minutes Offensive
   Center                   Left Wing                Right Wing               Defense                  Defense                  
   Anze Kopitar             Patrick Sharp            Joe Pavelski             Brent Seabrook           Brent Burns              

Last Minutes Defensive
   Center                   Left Wing                Right Wing               Defense                  Defense                  
   Anze Kopitar             Patrick Sharp            Jonas Hoglund            Brent Seabrook           Brent Burns              

Goaltenders
Starting : Ondrej Pavelec           
Backup : Ray Emery                

Extra Forwards
Normal : Anze Kopitar, Patrick Sharp, Joe Pavelski - PP : Brenden Morrow, Hnat Domenichelli - PK : Anze Kopitar
Extra Defensemen
Normal : Zdeno Chara, Brent Burns, Brent Seabrook - PP : Zdeno Chara - PK : Tyler Myers, Cory Sarich
Penalty Shots
Anze Kopitar, Joe Pavelski, Mikkel Boedker, Patrick Sharp, Rene Bourque

Bruins

5 vs 5 Forward 
   Center                   Left Wing                Right Wing               Time % Phy DF OF 
 1 Sydney Crosby            Wojtek Wolski            Vitali Yachmenev         40     0   2  3  
 2 Eric Lindros             Viktor Stalberg          Victor Oreskovich        30     0   2  3  
 3 Dave Bolland             Scottie Upshall          Dainius Zubrus           20     1   2  2  
 4 Blair Betts              Matt Cooke               Martin Erat              10     1   2  2  

5 vs 5 Defense 
   Defense                  Defense                                           Time % Phy DF OF 
 1 Andrew Alberts           Jason Demers                                      40     0   2  3  
 2 Ryan O'Byrne             Mark Stuart                                       30     1   2  2  
 3 Andrei Markov            Christoph Schubert                                20     1   2  2  
 4 Andrew Alberts           Andrei Markov                                     10     1   2  2  

PowerPlay Forward 
   Center                   Left Wing                Right Wing               Time % Phy DF OF 
 1 Eric Lindros             Wojtek Wolski            Victor Oreskovich        60     0   1  4  
 2 Sydney Crosby            Scottie Upshall          Vitali Yachmenev         40     0   1  4  

PowerPlay Defense
   Defense                  Defense                                           Time % Phy DF OF 
 1 Andrew Alberts           Andrei Markov                                     60     0   1  4  
 2 Jason Demers             Mark Stuart                                       40     0   1  4  

Penalty Kill 4 Players Forward 
   Center                   Wing                     Time % Phy DF OF 
 1 Wojtek Wolski            Matt Cooke               60     1   3  1  
 2 Eric Lindros             Vitali Yachmenev         40     1   3  1  

Penalty Kill 4 Players Defense
   Defense                  Defense                  Time % Phy DF OF 
 1 Andrew Alberts           Andrei Markov            60     1   4  0  
 2 Ryan O'Byrne             Mark Stuart              40     1   4  0  

Penalty Kill - 3 Players Forward 
   Forward                                           Time % Phy DF OF 
 1 Wojtek Wolski                                     60     0   4  1  
 2 Vitali Yachmenev                                  40     0   4  1  

Penalty Kill - 3 Players Defense
   Defense                  Defense                  Time % Phy DF OF 
 1 Andrew Alberts           Andrei Markov            60     1   4  0  
 2 Ryan O'Byrne             Mark Stuart              40     1   4  0  

4 vs 4 Forward 
   Center                   Wing                     Time % Phy DF OF 
 1 Eric Lindros             Wojtek Wolski            60     1   2  2  
 2 Sydney Crosby            Viktor Stalberg          40     1   2  2  

4 vs 4 Defense
   Defense                  Defense                  Time % Phy DF OF 
 1 Andrew Alberts           Andrei Markov            60     1   2  2  
 2 Ryan O'Byrne             Mark Stuart              40     1   2  2  

Last Minutes Offensive
   Center                   Left Wing                Right Wing               Defense                  Defense                  
   Eric Lindros             Wojtek Wolski            Victor Oreskovich        Andrew Alberts           Andrei Markov            

Last Minutes Defensive
   Center                   Left Wing                Right Wing               Defense                  Defense                  
   Eric Lindros             Wojtek Wolski            Victor Oreskovich        Andrew Alberts           Andrei Markov            

Goaltenders
Starting : Evgeni Nabokov           
Backup : Karri Ramo               

Extra Forwards
Normal : Viktor Stalberg, Matt Cooke, Dainius Zubrus - PP : Viktor Stalberg, Matt Cooke - PK : Dainius Zubrus
Extra Defensemen
Normal : Jason Demers, Christoph Schubert, Ryan O'Byrne - PP : Jason Demers - PK : Christoph Schubert, Ryan O'Byrne
Penalty Shots
Wojtek Wolski, Eric Lindros, Sydney Crosby, Scottie Upshall, Viktor Stalberg

% Time on Ice - Kings

Lines # - Real PCT - Wanted PCT - Time Play
Normal Forward
1 - 34% - 40% - 15:39
2 - 28% - 30% - 12:50
3 - 25% - 25% - 11:25
4 - 13% - 5% - 6:08
Normal Defense
1 - 31% - 40% - 14:09
2 - 29% - 35% - 13:18
3 - 24% - 20% - 11:15
4 - 16% - 5% - 7:20
PP Forward
1 - 58% - 60% - 5:48
2 - 42% - 40% - 4:12
PP Defense
1 - 59% - 60% - 5:55
2 - 41% - 40% - 4:05
PK Forward
1 - 96% - 60% - 1:58
2 - 4% - 40% - 0:05
PK Defense
1 - 66% - 60% - 1:21
2 - 34% - 40% - 0:42
PK3 Forward
1 - 0% - 60%
2 - 0% - 40%
PK3 Defense
1 - 0% - 60%
2 - 0% - 40%
44 Forward
1 - 88% - 60% - 6:04
2 - 12% - 40% - 0:51
44 Defense
1 - 85% - 60% - 5:54
2 - 15% - 40% - 1:01
Last Minute Offensive  - 0:00
Last Minute Defensive  - 0:00
Total
Forward - 65:00
Defense - 65:00

% Time on Ice - Bruins

Lines # - Real PCT - Wanted PCT - Time Play
Normal Forward
1 - 32% - 40% - 14:55
2 - 29% - 30% - 13:13
3 - 23% - 20% - 10:24
4 - 16% - 10% - 7:30
Normal Defense
1 - 40% - 40% - 18:33
2 - 32% - 30% - 14:48
3 - 24% - 20% - 11:06
4 - 3% - 10% - 1:35
PP Forward
1 - 46% - 60% - 0:57
2 - 54% - 40% - 1:06
PP Defense
1 - 59% - 60% - 1:12
2 - 41% - 40% - 0:51
PK Forward
1 - 72% - 60% - 7:11
2 - 28% - 40% - 2:49
PK Defense
1 - 62% - 60% - 6:10
2 - 38% - 40% - 3:50
PK3 Forward
1 - 0% - 60%
2 - 0% - 40%
PK3 Defense
1 - 0% - 60%
2 - 0% - 40%
44 Forward
1 - 76% - 60% - 5:14
2 - 24% - 40% - 1:41
44 Defense
1 - 58% - 60% - 3:59
2 - 42% - 40% - 2:56
Last Minute Offensive  - 0:00
Last Minute Defensive  - 0:00
Total
Forward - 65:00
Defense - 65:00

Play by Play

1st period


0:01 of 1st period - Sydney Crosby wins face-off versus Anze Kopitar in neutral zone.
0:10 of 1st period - Wrist shot by Sydney Crosby.
0:10 of 1st period - Stopped by Ondrej Pavelec with a rebound.
0:12 of 1st period - Slapshot by Jason Demers.
0:12 of 1st period - Deflect By Wojtek Wolski.
0:12 of 1st period - Stopped by Ondrej Pavelec with a rebound.
0:14 of 1st period - Wrist shot by Jason Demers.
0:14 of 1st period - Stopped by Ondrej Pavelec without a rebound.
0:15 of 1st period - Matt Duchene wins face-off versus Viktor Stalberg in Kings zone.
0:40 of 1st period - Brent Seabrook is hit by Matt Cooke and loses puck.
0:47 of 1st period - Snap shot by Martin Erat.
0:47 of 1st period - Stopped by Ondrej Pavelec without a rebound.
0:48 of 1st period - Dave Bolland wins face-off versus Viktor Kozlov in Kings zone.
0:49 of 1st period - Slapshot by Scottie Upshall.
0:49 of 1st period - Deflect By Dave Bolland.
0:49 of 1st period - Shot Blocked by Zdeno Chara.
0:49 of 1st period - Puck is out of play.
0:50 of 1st period - Dave Bolland wins face-off versus Viktor Kozlov in Kings zone.
1:15 of 1st period - Christoph Schubert is hit by Joe Pavelski and loses puck.
1:20 of 1st period - Snap shot by Anze Kopitar.
1:20 of 1st period - Shot Misses the Net.
1:22 of 1st period - Snap shot by Mikkel Boedker.
1:22 of 1st period - Stopped by Evgeni Nabokov with a rebound.
1:26 of 1st period - Snap shot by Joe Pavelski.
1:26 of 1st period - Shot Blocked by Christoph Schubert.
1:41 of 1st period - Christoph Schubert is hit by Patrick Sharp and loses puck.
2:05 of 1st period - Snap shot by Blair Betts.
2:05 of 1st period - Shot Misses the Net.
2:26 of 1st period - Snap shot by Anze Kopitar.
2:26 of 1st period - Shot Misses the Net.
2:47 of 1st period - Snap shot by Anze Kopitar.
2:47 of 1st period - Shot Misses the Net.
3:47 of 1st period - Slapshot by Andrew Alberts.
3:47 of 1st period - Stopped by Ondrej Pavelec with a rebound.
4:01 of 1st period - Snap shot by Dainius Zubrus.
4:01 of 1st period - Deflect By Anze Kopitar.
4:01 of 1st period - Shot Misses the Net.
4:01 of 1st period - Puck is out of play.
4:02 of 1st period - Sydney Crosby wins face-off versus Viktor Kozlov in Kings zone.
4:13 of 1st period - Slapshot by Brent Burns.
4:13 of 1st period - Stopped by Evgeni Nabokov with a rebound.
5:04 of 1st period - Icing by Rene Bourque.
5:05 of 1st period - Sydney Crosby wins face-off versus Randy Robitaille in Kings zone.
5:08 of 1st period - Snap shot by Wojtek Wolski.
5:08 of 1st period - Shot Misses the Net.
5:14 of 1st period - Wrist shot by Rene Bourque.
5:14 of 1st period - Stopped by Evgeni Nabokov without a rebound.
5:15 of 1st period - Vitali Yachmenev wins face-off versus Matt Duchene in Bruins zone.
5:24 of 1st period - Snap shot by Patrick Sharp.
5:24 of 1st period - Stopped by Evgeni Nabokov with a rebound.
5:26 of 1st period - Snap shot by Matt Duchene.
5:26 of 1st period - Shot Misses the Net.
5:28 of 1st period - Slapshot by Tyler Myers.
5:28 of 1st period - Deflect By Matt Duchene.
5:28 of 1st period - Stopped by Evgeni Nabokov with a rebound.
5:30 of 1st period - Slapshot by Brent Seabrook.
5:30 of 1st period - Shot Misses the Net.
6:05 of 1st period - Randy Robitaille is hit by Matt Cooke and loses puck.
6:46 of 1st period - Brent Burns is hit by Scottie Upshall and loses puck.
6:51 of 1st period - Wrist shot by Dainius Zubrus.
6:51 of 1st period - Stopped by Ondrej Pavelec with a rebound.
7:12 of 1st period - Slapshot by Viktor Kozlov.
7:12 of 1st period - Goal by Viktor Kozlov - Kings : 1 - Bruins : 0.
7:13 of 1st period - Matt Duchene wins face-off versus Sydney Crosby in neutral zone.
7:38 of 1st period - Wojtek Wolski is hit by Joe Pavelski and loses puck.
7:45 of 1st period - Wrist shot by Anze Kopitar.
7:45 of 1st period - Shot Misses the Net.
7:47 of 1st period - Slapshot by Anze Kopitar.
7:47 of 1st period - Shot Blocked by Ryan O'Byrne.
9:26 of 1st period - Viktor Kozlov is hit by Sydney Crosby and loses puck.
10:52 of 1st period - Wrist shot by Brenden Morrow.
10:52 of 1st period - Shot Misses the Net.
11:08 of 1st period - Anze Kopitar is hit by Scottie Upshall and loses puck.
11:31 of 1st period - Wrist shot by Victor Oreskovich.
11:31 of 1st period - Shot Misses the Net.
12:11 of 1st period - Wrist shot by Wojtek Wolski.
12:11 of 1st period - Stopped by Ondrej Pavelec without a rebound.
12:12 of 1st period - Viktor Kozlov wins face-off versus Sydney Crosby in Kings zone.
12:17 of 1st period - Snap shot by Wojtek Wolski.
12:17 of 1st period - Shot Misses the Net.
12:59 of 1st period - Wrist shot by Patrick Sharp.
12:59 of 1st period - Stopped by Evgeni Nabokov with a rebound.
13:22 of 1st period - Backhand shot by Viktor Kozlov.
13:22 of 1st period - Shot Misses the Net.
13:26 of 1st period - Wrist shot by Viktor Kozlov.
13:26 of 1st period - Shot Misses the Net.
13:36 of 1st period - Tyler Myers is hit by Victor Oreskovich and loses puck.
13:59 of 1st period - Jason Demers is hit by Rene Bourque and loses puck.
14:26 of 1st period - Wrist shot by Rene Bourque.
14:26 of 1st period - Stopped by Evgeni Nabokov with a rebound.
14:32 of 1st period - Snap shot by Rene Bourque.
14:32 of 1st period - Stopped by Evgeni Nabokov without a rebound.
14:33 of 1st period - Sydney Crosby wins face-off versus Anze Kopitar in Bruins zone.
14:58 of 1st period - Brent Seabrook is hit by Victor Oreskovich and loses puck.
15:29 of 1st period - Slapshot by Andrei Markov.
15:29 of 1st period - Shot Blocked by Brian Pothier.
15:31 of 1st period - Snap shot by Blair Betts.
15:31 of 1st period - Shot Blocked by Joe Pavelski.
15:33 of 1st period - Slapshot by Andrei Markov.
15:33 of 1st period - Deflect By Martin Erat.
15:33 of 1st period - Stopped by Ondrej Pavelec without a rebound.
15:34 of 1st period - Matt Duchene wins face-off versus Blair Betts in Kings zone.
15:43 of 1st period - Wrist shot by Patrick Sharp.
15:43 of 1st period - Shot Misses the Net.
15:45 of 1st period - Slapshot by Jonas Hoglund.
15:45 of 1st period - Stopped by Evgeni Nabokov without a rebound.
15:46 of 1st period - Anze Kopitar wins face-off versus Sydney Crosby in Bruins zone.
15:56 of 1st period - Double Minor Penalty to Wojtek Wolski for High sticking.
15:57 of 1st period - Dainius Zubrus wins face-off versus Anze Kopitar in Bruins zone.
18:08 of 1st period - Vitali Yachmenev is hit by Hnat Domenichelli and loses puck.
19:06 of 1st period - Pernell Karl Subban is hit by Ryan O'Byrne.
19:40 of 1st period - Dainius Zubrus is hit by Patrick Sharp and loses puck.
19:50 of 1st period - Off-side.
19:51 of 1st period - Hnat Domenichelli wins face-off versus Eric Lindros in neutral zone.
19:56 of 1st period - Penalty to Wojtek Wolski is over, Wojtek Wolski is back on ice.
Goals for this period are 1 for Kings vs 0 for Bruins.
Shots for this period are 10 for Kings vs 8 for Bruins.

2nd period


0:01 of 2nd period - Anze Kopitar wins face-off versus Sydney Crosby in neutral zone.
0:08 of 2nd period - Slapshot by Mikkel Boedker.
0:08 of 2nd period - Deflect By Joe Pavelski.
0:08 of 2nd period - Stopped by Evgeni Nabokov without a rebound.
0:09 of 2nd period - Sydney Crosby wins face-off versus Anze Kopitar in Bruins zone.
0:18 of 2nd period - Snap shot by Anze Kopitar.
0:18 of 2nd period - Stopped by Evgeni Nabokov without a rebound.
0:19 of 2nd period - Sydney Crosby wins face-off versus Anze Kopitar in Bruins zone.
1:22 of 2nd period - Brent Seabrook is hit by Scottie Upshall and loses puck.
1:35 of 2nd period - Ryan O'Byrne is hit by Brenden Morrow and loses puck.
1:50 of 2nd period - Snap shot by Brenden Morrow.
1:50 of 2nd period - Stopped by Evgeni Nabokov without a rebound.
1:51 of 2nd period - Anze Kopitar wins face-off versus Sydney Crosby in Bruins zone.
1:52 of 2nd period - Wrist shot by Joe Pavelski.
1:52 of 2nd period - Stopped by Evgeni Nabokov without a rebound.
1:53 of 2nd period - Sydney Crosby wins face-off versus Anze Kopitar in Bruins zone.
2:14 of 2nd period - Minor Penalty to Jason Demers for Roughing.
2:15 of 2nd period - Wojtek Wolski wins face-off versus Anze Kopitar in Bruins zone.
4:14 of 2nd period - Penalty to Jason Demers is over, Jason Demers is back on ice.
4:46 of 2nd period - Snap shot by Wojtek Wolski.
4:46 of 2nd period - Stopped by Ondrej Pavelec without a rebound.
4:47 of 2nd period - Randy Robitaille wins face-off versus Eric Lindros in Kings zone.
5:22 of 2nd period - Wrist shot by Eric Lindros.
5:22 of 2nd period - Shot Blocked by Patrick Sharp.
5:28 of 2nd period - Mark Stuart is hit by Matt Duchene and loses puck.
5:43 of 2nd period - Zdeno Chara is hit by Vitali Yachmenev and loses puck.
5:44 of 2nd period - Zdeno Chara from Kings is injured at 5:44 of 2nd period (Bruised Left Leg).
5:45 of 2nd period - Sydney Crosby wins face-off versus Anze Kopitar in Kings zone.
5:46 of 2nd period - Wrist shot by Wojtek Wolski.
5:46 of 2nd period - Deflect By Sydney Crosby.
5:46 of 2nd period - Stopped by Ondrej Pavelec without a rebound.
5:47 of 2nd period - Sydney Crosby wins face-off versus Anze Kopitar in Kings zone.
6:30 of 2nd period - Minor Penalty to Victor Oreskovich for Roughing.
6:31 of 2nd period - Wojtek Wolski wins face-off versus Anze Kopitar in Bruins zone.
7:09 of 2nd period - Slapshot by Patrick Sharp.
7:09 of 2nd period - Stopped by Evgeni Nabokov without a rebound.
7:10 of 2nd period - Eric Lindros wins face-off versus Matt Duchene in Bruins zone.
7:10 of 2nd period - Eric Lindros is hit by Patrick Sharp.
8:28 of 2nd period - Brent Seabrook is hit by Vitali Yachmenev and loses puck.
8:30 of 2nd period - Penalty to Victor Oreskovich is over, Victor Oreskovich is back on ice.
9:00 of 2nd period - Off-side.
9:01 of 2nd period - Eric Lindros wins face-off versus Randy Robitaille in neutral zone.
9:08 of 2nd period - Slapshot by Viktor Stalberg.
9:08 of 2nd period - Shot Misses the Net.
9:53 of 2nd period - Rene Bourque is hit by Scottie Upshall and loses puck.
9:58 of 2nd period - Snap shot by Dave Bolland.
9:58 of 2nd period - Shot Blocked by Tyler Myers.
10:10 of 2nd period - Brent Seabrook is hit by Matt Cooke and loses puck.
10:39 of 2nd period - Wrist shot by Viktor Kozlov.
10:39 of 2nd period - Stopped by Evgeni Nabokov with a rebound.
10:41 of 2nd period - Slapshot by Brenden Morrow.
10:41 of 2nd period - Stopped by Evgeni Nabokov without a rebound.
10:42 of 2nd period - Anze Kopitar wins face-off versus Sydney Crosby in Bruins zone.
11:12 of 2nd period - Snap shot by Viktor Stalberg.
11:12 of 2nd period - Shot Misses the Net.
11:32 of 2nd period - Snap shot by Viktor Stalberg.
11:32 of 2nd period - Stopped by Ondrej Pavelec without a rebound.
11:33 of 2nd period - Dave Bolland wins face-off versus Randy Robitaille in Kings zone.
11:34 of 2nd period - Snap shot by Dainius Zubrus.
11:34 of 2nd period - Shot Misses the Net.
12:33 of 2nd period - Snap shot by Patrick Sharp.
12:33 of 2nd period - Shot Misses the Net.
12:39 of 2nd period - Wrist shot by Matt Duchene.
12:39 of 2nd period - Stopped by Evgeni Nabokov without a rebound.
12:40 of 2nd period - Anze Kopitar wins face-off versus Eric Lindros in Bruins zone.
12:44 of 2nd period - Minor Penalty to Victor Oreskovich for Tripping.
12:45 of 2nd period - Anze Kopitar wins face-off versus Wojtek Wolski in Bruins zone.
12:48 of 2nd period - Minor Penalty to Mikkel Boedker for Interference.
12:49 of 2nd period - Eric Lindros wins face-off versus Anze Kopitar in Kings zone.
13:05 of 2nd period - Wrist shot by Wojtek Wolski.
13:05 of 2nd period - Shot Misses the Net.
14:26 of 2nd period - Snap shot by Matt Cooke.
14:26 of 2nd period - Shot Blocked by Brent Burns.
14:44 of 2nd period - Penalty to Victor Oreskovich is over, Victor Oreskovich is back on ice.
14:48 of 2nd period - Penalty to Mikkel Boedker is over, Mikkel Boedker is back on ice.
15:01 of 2nd period - Icing by Sydney Crosby.
15:02 of 2nd period - Sydney Crosby wins face-off versus Matt Duchene in Bruins zone.
15:02 of 2nd period - Sydney Crosby is hit by Patrick Sharp.
15:08 of 2nd period - Snap shot by Vitali Yachmenev.
15:08 of 2nd period - Stopped by Ondrej Pavelec without a rebound.
15:09 of 2nd period - Patrick Sharp wins face-off versus Sydney Crosby in Kings zone.
15:13 of 2nd period - Off-side.
15:14 of 2nd period - Sydney Crosby wins face-off versus Anze Kopitar in neutral zone.
15:39 of 2nd period - Mark Stuart is hit by Brenden Morrow and loses puck.
16:04 of 2nd period - Wrist shot by Victor Oreskovich.
16:04 of 2nd period - Shot Misses the Net.
16:08 of 2nd period - Backhand shot by Viktor Stalberg.
16:08 of 2nd period - Stopped by Ondrej Pavelec without a rebound.
16:09 of 2nd period - Anze Kopitar wins face-off versus Eric Lindros in Kings zone.
16:14 of 2nd period - Slapshot by Pernell Karl Subban.
16:14 of 2nd period - Stopped by Evgeni Nabokov with a rebound.
16:34 of 2nd period - Brent Burns is hit by Dave Bolland and loses puck.
17:45 of 2nd period - Wrist shot by Patrick Sharp.
17:45 of 2nd period - Shot Blocked by Andrew Alberts.
17:47 of 2nd period - Snap shot by Matt Duchene.
17:47 of 2nd period - Shot Blocked by Andrew Alberts.
17:49 of 2nd period - Snap shot by Matt Duchene.
17:49 of 2nd period - Shot Misses the Net.
17:59 of 2nd period - Backhand shot by Anze Kopitar.
17:59 of 2nd period - Stopped by Evgeni Nabokov without a rebound.
18:00 of 2nd period - Sydney Crosby wins face-off versus Mikkel Boedker in Bruins zone.
18:32 of 2nd period - Viktor Kozlov is hit by Sydney Crosby and loses puck.
18:55 of 2nd period - Snap shot by Eric Lindros.
18:55 of 2nd period - Deflect By Patrick Sharp.
18:55 of 2nd period - Stopped by Ondrej Pavelec with a rebound.
19:32 of 2nd period - Snap shot by Blair Betts.
19:32 of 2nd period - Stopped by Ondrej Pavelec without a rebound.
19:33 of 2nd period - Blair Betts wins face-off versus Anze Kopitar in Kings zone.
19:58 of 2nd period - Andrei Markov is hit by Brent Burns and loses puck.
Goals for this period are 0 for Kings vs 0 for Bruins.
Shots for this period are 10 for Kings vs 7 for Bruins.

3rd period


0:01 of 3rd period - Wojtek Wolski wins face-off versus Mikkel Boedker in neutral zone.
0:28 of 3rd period - Snap shot by Viktor Stalberg.
0:28 of 3rd period - Shot Misses the Net.
0:54 of 3rd period - Mark Stuart is hit by Brent Burns and loses puck.
1:29 of 3rd period - Snap shot by Eric Lindros.
1:29 of 3rd period - Stopped by Ondrej Pavelec without a rebound.
1:30 of 3rd period - Eric Lindros wins face-off versus Anze Kopitar in Kings zone.
2:04 of 3rd period - Wrist shot by Eric Lindros.
2:04 of 3rd period - Goal by Eric Lindros - Kings : 1 - Bruins : 1.
2:05 of 3rd period - Anze Kopitar wins face-off versus Sydney Crosby in neutral zone.
2:07 of 3rd period - Minor Penalty to Tyler Myers for Hooking.
2:08 of 3rd period - Randy Robitaille wins face-off versus Eric Lindros in Kings zone.
2:16 of 3rd period - Snap shot by Victor Oreskovich.
2:16 of 3rd period - Stopped by Ondrej Pavelec with a rebound.
2:40 of 3rd period - Wrist shot by Vitali Yachmenev.
2:40 of 3rd period - Stopped by Ondrej Pavelec with a rebound.
2:42 of 3rd period - Slapshot by Andrei Markov.
2:42 of 3rd period - Stopped by Ondrej Pavelec with a rebound.
3:55 of 3rd period - Vitali Yachmenev is hit by Hnat Domenichelli and loses puck.
4:00 of 3rd period - Snap shot by Hnat Domenichelli.
4:00 of 3rd period - Shot Blocked by Andrew Alberts.
4:06 of 3rd period - Andrei Markov is hit by Pernell Karl Subban and loses puck.
4:07 of 3rd period - Penalty to Tyler Myers is over, Tyler Myers is back on ice.
4:39 of 3rd period - Viktor Stalberg is hit by Viktor Kozlov and loses puck.
5:07 of 3rd period - Mikkel Boedker is hit by Jason Demers and loses puck.
5:21 of 3rd period - Icing by Dainius Zubrus.
5:22 of 3rd period - Dave Bolland wins face-off versus Randy Robitaille in Bruins zone.
6:12 of 3rd period - Snap shot by Brenden Morrow.
6:12 of 3rd period - Goal by Brenden Morrow - Kings : 2 - Bruins : 1.
6:13 of 3rd period - Sydney Crosby wins face-off versus Anze Kopitar in neutral zone.
6:28 of 3rd period - Snap shot by Joe Pavelski.
6:28 of 3rd period - Shot Misses the Net.
7:55 of 3rd period - Snap shot by Eric Lindros.
7:55 of 3rd period - Stopped by Ondrej Pavelec with a rebound.
7:57 of 3rd period - Snap shot by Eric Lindros.
7:57 of 3rd period - Shot Misses the Net.
8:28 of 3rd period - Wrist shot by Brenden Morrow.
8:28 of 3rd period - Shot Misses the Net.
9:52 of 3rd period - Rene Bourque is hit by Dave Bolland.
10:36 of 3rd period - Andrei Markov is hit by Anze Kopitar.
11:14 of 3rd period - Snap shot by Dave Bolland.
11:14 of 3rd period - Goal by Dave Bolland - Kings : 2 - Bruins : 2.
11:15 of 3rd period - Matt Duchene wins face-off versus Sydney Crosby in neutral zone.
11:26 of 3rd period - Wrist shot by Patrick Sharp.
11:26 of 3rd period - Shot Blocked by Wojtek Wolski.
11:40 of 3rd period - Pernell Karl Subban is hit by Jason Demers and loses puck.
11:51 of 3rd period - Wrist shot by Scottie Upshall.
11:51 of 3rd period - Shot Blocked by Matt Duchene.
11:53 of 3rd period - Wrist shot by Scottie Upshall.
11:53 of 3rd period - Shot Misses the Net.
12:25 of 3rd period - Brenden Morrow is hit by Wojtek Wolski and loses puck.
12:32 of 3rd period - Wojtek Wolski is hit by Rene Bourque and loses puck.
12:53 of 3rd period - Snap shot by Martin Erat.
12:53 of 3rd period - Shot Misses the Net.
13:09 of 3rd period - Slapshot by Brent Seabrook.
13:09 of 3rd period - Deflect By Mikkel Boedker.
13:09 of 3rd period - Shot Misses the Net.
13:09 of 3rd period - Puck is out of play.
13:10 of 3rd period - Anze Kopitar wins face-off versus Eric Lindros in Bruins zone.
13:42 of 3rd period - Wrist shot by Victor Oreskovich.
13:42 of 3rd period - Stopped by Ondrej Pavelec with a rebound.
14:02 of 3rd period - Brent Burns is hit by Viktor Stalberg and loses puck.
14:38 of 3rd period - Backhand shot by Viktor Stalberg.
14:38 of 3rd period - Deflect By Victor Oreskovich.
14:38 of 3rd period - Shot Blocked by Mikkel Boedker.
14:38 of 3rd period - Puck is out of play.
14:39 of 3rd period - Sydney Crosby wins face-off versus Matt Duchene in Kings zone.
15:12 of 3rd period - Slapshot by Brent Seabrook.
15:12 of 3rd period - Deflect By Brenden Morrow.
15:12 of 3rd period - Shot Blocked by Andrew Alberts.
15:12 of 3rd period - Puck is out of play.
15:13 of 3rd period - Viktor Kozlov wins face-off versus Sydney Crosby in Bruins zone.
15:18 of 3rd period - Snap shot by Brenden Morrow.
15:18 of 3rd period - Stopped by Evgeni Nabokov without a rebound.
15:19 of 3rd period - Viktor Kozlov wins face-off versus Sydney Crosby in Bruins zone.
15:20 of 3rd period - Wrist shot by Brenden Morrow.
15:20 of 3rd period - Stopped by Evgeni Nabokov without a rebound.
15:21 of 3rd period - Sydney Crosby wins face-off versus Viktor Kozlov in Bruins zone.
15:28 of 3rd period - Snap shot by Wojtek Wolski.
15:28 of 3rd period - Stopped by Ondrej Pavelec without a rebound.
15:29 of 3rd period - Sydney Crosby wins face-off versus Viktor Kozlov in Kings zone.
16:15 of 3rd period - Minor Penalty to Scottie Upshall for Hooking.
16:16 of 3rd period - Joe Pavelski wins face-off versus Wojtek Wolski in Bruins zone.
16:24 of 3rd period - Snap shot by Joe Pavelski.
16:24 of 3rd period - Shot Misses the Net.
16:45 of 3rd period - Icing by Pernell Karl Subban.
16:46 of 3rd period - Wojtek Wolski wins face-off versus Matt Duchene in Kings zone.
16:55 of 3rd period - Slapshot by Joe Pavelski.
16:55 of 3rd period - Stopped by Evgeni Nabokov without a rebound.
16:56 of 3rd period - Wojtek Wolski wins face-off versus Anze Kopitar in Bruins zone.
18:15 of 3rd period - Penalty to Scottie Upshall is over, Scottie Upshall is back on ice.
18:46 of 3rd period - Brenden Morrow is hit by Ryan O'Byrne and loses puck.
19:13 of 3rd period - Cory Sarich is hit by Jason Demers and loses puck.
Goals for this period are 1 for Kings vs 2 for Bruins.
Shots for this period are 4 for Kings vs 9 for Bruins.

Overtime #1


0:01 of 1st overtime period - Eric Lindros wins face-off versus Anze Kopitar in neutral zone.
0:10 of 1st overtime period - Wrist shot by Eric Lindros.
0:10 of 1st overtime period - Stopped by Ondrej Pavelec without a rebound.
0:11 of 1st overtime period - Eric Lindros wins face-off versus Anze Kopitar in Kings zone.
1:03 of 1st overtime period - Slapshot by Viktor Stalberg.
1:03 of 1st overtime period - Stopped by Ondrej Pavelec without a rebound.
1:04 of 1st overtime period - Eric Lindros wins face-off versus Anze Kopitar in Kings zone.
1:29 of 1st overtime period - Mark Stuart is hit by Matt Duchene and loses puck.
1:40 of 1st overtime period - Snap shot by Viktor Stalberg.
1:40 of 1st overtime period - Stopped by Ondrej Pavelec with a rebound.
1:58 of 1st overtime period - Wojtek Wolski is hit by Joe Pavelski and loses puck.
2:13 of 1st overtime period - Brent Seabrook is hit by Matt Cooke and loses puck.
2:20 of 1st overtime period - Snap shot by Matt Cooke.
2:20 of 1st overtime period - Shot Blocked by Brent Seabrook.
2:30 of 1st overtime period - Andrew Alberts is hit by Brent Seabrook.
3:06 of 1st overtime period - Matt Duchene is hit by Andrei Markov and loses puck.
3:54 of 1st overtime period - Icing by Mark Stuart.
3:55 of 1st overtime period - Anze Kopitar wins face-off versus Eric Lindros in Bruins zone.
4:10 of 1st overtime period - Joe Pavelski is hit by Viktor Stalberg.
4:43 of 1st overtime period - Snap shot by Brenden Morrow.
4:43 of 1st overtime period - Shot Blocked by Christoph Schubert.
4:55 of 1st overtime period - Snap shot by Sydney Crosby.
4:55 of 1st overtime period - Shot Misses the Net.
4:57 of 1st overtime period - Slapshot by Jason Demers.
4:57 of 1st overtime period - Stopped by Ondrej Pavelec with a rebound.
4:59 of 1st overtime period - Snap shot by Viktor Stalberg.
4:59 of 1st overtime period - Stopped by Ondrej Pavelec with a rebound.
Goals for this period are 0 for Kings vs 0 for Bruins.
Shots for this period are 0 for Kings vs 5 for Bruins.

ShootOut


5:00 of 1st overtime period - Penalty Shot by Anze Kopitar for Kings.
5:00 of 1st overtime period - Backhand shot by Anze Kopitar.
5:00 of 1st overtime period - Stopped by Evgeni Nabokov.
5:00 of 1st overtime period - Penalty Shot by Wojtek Wolski for Bruins.
5:00 of 1st overtime period - Wrist shot by Wojtek Wolski.
5:00 of 1st overtime period - Goal by Wojtek Wolski.
5:00 of 1st overtime period - Penalty Shot by Joe Pavelski for Kings.
5:00 of 1st overtime period - Wrist shot by Joe Pavelski.
5:00 of 1st overtime period - Shot Misses the Net.
5:00 of 1st overtime period - Penalty Shot by Eric Lindros for Bruins.
5:00 of 1st overtime period - Wrist shot by Eric Lindros.
5:00 of 1st overtime period - Shot Misses the Net.
5:00 of 1st overtime period - Penalty Shot by Mikkel Boedker for Kings.
5:00 of 1st overtime period - Wrist shot by Mikkel Boedker.
5:00 of 1st overtime period - Shot Misses the Net.


Output by the SimonT Hockey Simulator (STHS) for François Prévost -- Original Page W3C XHTML 1.0 Valid
Hockey Simulator - Hockey Simulation - Hockey Manager